 Dungeon Crawl Stone Soup version 0.16.1-12-gf5c4a84 (webtiles) character file.

105 Magnus the Skirmisher (level 4, -5/38 HPs)
             Began as a Mummy Wanderer on Apr 8, 2015.
             Killed from afar by an orc wizard (16 damage)
             ... with a puff of flame
             ... on level 2 of the Dungeon.
             The game lasted 00:13:13 (3979 turns).

Magnus the Skirmisher (Mummy Wanderer)              Turns: 3979, Time: 00:13:14

Health: -5/38      AC:  4    Str: 14    XL:     4   Next: 53%
Magic:  4/4        EV: 12    Int: 12    God:
Gold:   46         SH:  0    Dex: 12    Spells: 0 memorised, 3 levels left

rFire  x . .     SeeInvis .     k - +1 falchion (slice)
rCold  + . .     Clarity  .     g - +0 leather armour
rNeg   + + +     SustAb   .     (no shield)
rPois  ∞         Gourm    .     (no helmet)
rElec  .         Spirit   .     j - +0 cloak
rCorr  .         Warding  .     (no gloves)
rMut   .         Stasis   .     (no boots)
MR     +....                    (no amulet)
Stlth  +.........               (no ring)
                                h - ring of protection from magic

@: somewhat resistant to hostile enchantments, very unstealthy
A: no food or potions, fire vulnerability, restore body, cold resistance 1,
negative energy resistance 3, poison resistance, torment resistance, unbreathing
a: no special abilities


You were on level 2 of the Dungeon.
You were not hungry.

You visited 1 branch of the dungeon, and saw 3 of its levels.

You collected 46 gold pieces.

Inventory:

Hand weapons
 b - a +2 blowgun
 k - a +1 falchion of slicing (weapon)
Missiles
 a - 3 curare-tipped needles (quivered)
 e - 18 poisoned needles
 i - a stone
Armour
 g - a +0 leather armour (worn)
 j - a +0 cloak (worn)
 l - a +0 chain mail
Jewellery
 h - a ring of protection from magic (left hand)
Scrolls
 c - 2 scrolls of teleportation
 d - 4 scrolls of identify


   Skills:
 - Level 4.6 Fighting
 + Level 0.1 Long Blades
   Level 1.0 Maces & Flails
   Level 1.0 Polearms
 - Level 1.0 Throwing
 - Level 2.1 Armour
 - Level 2.2 Dodging
   Level 1.0 Evocations


You had 3 spell levels left.
You didn't know any spells.

Dungeon Overview and Level Annotations

Branches:
Dungeon (3/15)

Altars:


Innate Abilities, Weirdness & Mutations

You do not eat or drink.
Your flesh is vulnerable to fire.
Your flesh is cold resistant.
You are immune to negative energy.
Your system is resistant to poisons.
You are immune to unholy pain and torment.
You can survive without breathing.


Message History

The orc wizard points at you and mumbles some strange words.
The puff of flame hits you! The fire burns you terribly!
* * * LOW HITPOINT WARNING * * *
You hit the orc wizard.
The orc wizard is moderately wounded.
The orc wizard hits you but does no damage. x2
You closely miss the orc wizard.
The orc wizard is moderately wounded.
The orc wizard hits you with a dagger.
* * * LOW HITPOINT WARNING * * *
You closely miss the orc wizard.
The orc wizard is moderately wounded.
The orc wizard misses you.
The orc wizard hits you but does no damage.
You closely miss the orc wizard.
The orc wizard is moderately wounded.
The orc wizard hits you but does no damage.
The orc wizard gestures at you while chanting.
The puff of flame hits you! The fire burns you terribly!
You die...

...# #...'.# #.... ...# #...###
##'## ...# ##'## #.##
...#####.### #.#.
...'.......##### #.#.
...#####.......# #.#.
#'#..((((....#.# #.#.
#o#.#####.)..#.###### ###'#.
#.#.....'....#..@...# #.....
#.###.###...##..o...# #.....
#............'......# #.....
#####.####.###......# ###'#.
####.....#.###################.#.
.....................).........#.
#####..#.#.##############....###.
.......#.#.# #....# #.
######.#.#.#####################.


You could see an orc wizard.

Vanquished Creatures
  An orc wizard (D:3)
  Ijyb (D:2)
  An adder (D:2)
  An ooze (D:2)
  6 orcs
  A ball python (D:1)
  A giant cockroach (D:2)
  6 goblins
  6 hobgoblins
  9 kobolds
  5 bats
  2 giant geckos
  A giant newt (D:2)
  A quokka (D:3)
  4 rats
46 creatures vanquished.

Notes
Turn   | Place    | Note
--------------------------------------------------------------
     0 | D:1      | Magnus, the Mummy Wanderer, began the quest for the Orb.
     0 | D:1      | Magnus set off with: 3 curare-tipped needles, a +2 blowgun, a scroll of teleportation, a +0 spear, a +0 robe
     0 | D:1      | Reached XP level 1. HP: 19/19 MP: 1/1
   357 | D:1      | Reached XP level 2. HP: 19/25 MP: 2/2
  1354 | D:2      | Reached XP level 3. HP: 21/30 MP: 3/3
  2176 | D:2      | Noticed Ijyb
  2209 | D:2      | Killed Ijyb
  3033 | D:3      | Reached XP level 4. HP: 17/38 MP: 4/4
  3557 | D:2      | HP: 1/38 [orc/falchion of slicing (1)]
  3979 | D:2      | Killed from afar by an orc wizard

Action                   |  1- 3 |  4- 6 || total
-------------------------+-------+-------++-------
Melee: Short sword       |   205 |    43 ||   248
       Spear             |     7 |       ||     7
       Falchion          |       |    23 ||    23
 Fire: Blowgun           |       |     1 ||     1
Throw: Stone             |     2 |       ||     2
  Use: Scroll            |     1 |     1 ||     2
 Stab: Sleeping          |     1 |       ||     1
